 Dungeon Crawl Stone Soup version 0.30.1-3-gfc49f6343a (webtiles) character file.

Game seed: 5285386950279004271

221 arthad the Digger (level 5, 0/30 HPs)
             Began as a Gargoyle Earth Elementalist on July 23, 2023.
             Slain by an orc priest
             ... wielding a +0 dagger
              (3 damage)
             ... on level 3 of the Dungeon.
             The game lasted 00:05:26 (2058 turns).

arthad the Digger (Gargoyle Earth Elementalist)     Turns: 2058, Time: 00:05:27

Health: 0/30       AC:  8    Str: 11    XL:     5   Next: 98%
Magic:  0/9        EV: 12    Int: 18    God:
Gold:   125        SH:  0    Dex: 10    Spells: 9/10 levels left

rFire   . . .        c - +2 whip (venom)
rCold   . . .        (no shield)
rNeg    + . .        a - +0 robe
rPois   ∞            (no helmet)
rElec   +            d - +0 cloak
rCorr   .            (no gloves)
SInv    .            f - +0 pair of boots
Will    .....        (no amulet)
Stlth   ++           (no ring)
HPRegen 0.25/turn    (no ring)
MPRegen 0.11/turn

%: no passive effects
@: no status effects
A: sickness immunity, AC +4, negative energy resistance 1, electricity
resistance, torment resistance 1, petrification resistance
a: no special abilities


You were on level 3 of the Dungeon.
You visited 1 branch of the dungeon, and saw 3 of its levels.

You collected 125 gold pieces.

Inventory:

Hand Weapons
 c - a +2 whip of venom (weapon)
 h - a +3 hand axe of freezing
Missiles
 o - 4 poisoned darts
Armour
 a - a +0 robe (worn)
 d - a +0 cloak (worn)
 f - a +0 pair of boots (worn)
Magical Staves
 k - a staff of conjuration
Jewellery
 g - an amulet of faith
Scrolls
 e - 3 scrolls of vulnerability {unknown}
 l - a scroll of teleportation {unknown}
 n - a scroll of acquirement {unknown}
 p - 2 scrolls of noise {unknown}
 q - 2 scrolls of identify {unknown}
 r - a scroll of immolation {unknown}
Potions
 b - 2 potions of magic
 i - a potion of resistance {unknown}
 j - a potion of haste {unknown}
 m - 2 potions of might {unknown}


   Skills:
 + Level 1.7 Fighting
 + Level 2.2 Dodging
 + Level 3.2 Stealth
 * Level 3.3 Spellcasting
 + Level 1.5 Transmutations
 * Level 5.0 Earth Magic


You had 9 spell levels left.
You knew the following spells:

 Your Spells              Type           Power      Damage    Failure   Level
a - Sandblast             Erth           42%        2d11      1%          1

Your spell library contained the following spells:

 Spells                   Type           Power      Damage    Failure   Level
 Passwall                 Tmut/Erth      11%        N/A       6%          2
 Stone Arrow              Conj/Erth      24%        3d8       17%         3
 Petrify                  Tmut/Erth      14%        N/A       38%         4


Dungeon Overview and Level Annotations

Branches:
Dungeon (3/15)

Altars:
Xom

Shops:
D:1 =


Innate Abilities, Weirdness & Mutations

You are immune to sickness and miasma.
Your stone body is resilient. (AC +4)
You are immune to poison.
You resist negative energy. (rN+)
You are resistant to electric shocks. (rElec)
You are resistant to unholy torment.
You are immune to petrification.


Message History

An orc priest comes into view. It is wielding a +0 dagger.
The blast of sand hits the orc!
You kill the orc!
Something hits you but does no damage.
The orc priest casts a cantrip, but nothing happens.
The blast of sand hits something!
Something hits you but does no damage.
You are out of magic!
You are out of magic!
Something hits you but does no damage.
The orc priest begins to cast a cantrip, but forgets the words!
You miss something. Something hits you but does no damage.
You hit something. Something hits you. Something hits you but does no damage.
You miss something.
Reactivating autopickup.
You feel a bit more experienced.
The orc priest invokes the aid of Beogh against you.
Beogh smites you!
Your Earth Magic skill increases to level 5!
You hit the orc.
The orc is poisoned.
The orc is almost dead.
The orc barely misses you.
You hit the orc but do no damage.
The orc is almost dead.
The orc priest mumbles some strange prayers to Beogh against you.
Beogh smites you!
* * * LOW HITPOINT WARNING * * *
The orc completely misses you.
You closely miss the orc.
The orc is almost dead.
The orc hits you but does no damage.
You barely miss the orc. You punch the orc.
You kill the orc!
Aiming: Sandblast (safe; 1% risk of failure)
Press: ? - help, Q - select action, (/) - cycle Shift-Dir - straight line, f - orc priest
Aim: an orc priest, wielding a +0 dagger and wearing a +0 leather armour (83% to hit)
The blast of sand hits the orc priest.
The orc priest is moderately wounded.
The orc priest casts a cantrip, but nothing happens.
The orc priest hits you with a +0 dagger.
You die...

#.#####
##.)...#####
........oo@.#
......#.###.#
###.#.#.# #.#
# . ..# #.#
....## #.#
#.#.. #.#####
#.#.. #.....#
#.. #####.#
#.#


You could see an orc priest and an orc.

Vanquished Creatures
  2 orc wizards (D:3)
  Terence (D:2)
  4 gnolls (D:2)
  3 adders (D:2)
  2 dart slugs (D:1)
  6 orcs (D:3)
  9 ball pythons
  3 bats
  5 endoplasms (D:2)
  5 giant cockroaches
  5 goblins
  9 hobgoblins
  7 jackals (D:1)
  5 kobolds
  2 frilled lizards (D:1)
  5 rats
73 creatures vanquished.

Notes
Turn   | Place    | Note
-------+----------+-------------------------------------------
     0 | D:1      | arthad the Gargoyle Earth Elementalist began the quest for
                  | the Orb.
     0 | D:1      | Reached XP level 1. HP: 10/10 MP: 3/3
   206 | D:1      | Reached XP level 2. HP: 15/15 MP: 1/5
   348 | D:1      | Reached skill level 1 in Transmutations
   396 | D:1      | Reached skill level 4 in Earth Magic
   539 | D:1      | Reached XP level 3. HP: 20/20 MP: 4/6
   619 | D:1      | Found Jagriese's Jewellery Shop.
  1053 | D:2      | Reached skill level 1 in Fighting
  1053 | D:2      | Reached XP level 4. HP: 5/25 MP: 0/8
  1055 | D:2      | HP: 1/25 [gnoll/+0 club (4)]
  1152 | D:2      | Found a shimmering altar of Xom.
  1267 | D:2      | Noticed Terence
  1292 | D:2      | Killed Terence
  1293 | D:2      | Reached XP level 5. HP: 10/29 MP: 0/9
  2054 | D:3      | Reached skill level 5 in Earth Magic
  2058 | D:3      | Slain by an orc priest

Illustrated notes

Levels and vault maps discovered:
D:1:      psy_arrival_terrarium, layout_basic, serial_shops, shop,
          chequers_mini_garden
D:2:      minmay_skewed_foursquare, layout_basic, basic_altar,
          roderic_serpentine_path, uniq_terence
D:3:      cheibrodos_thug_alley, layout_loops_ring, minmay_misc_feat_roman,
          kennysheep_generic_room_14, uniq_sigmund

Skill      XL: |  1  2  3  4  5 |
---------------+----------------+-----
Transmutations | 1 |  1.5
Earth Magic    | 4 5 |  5.0
Fighting       | 1 |  1.7
Dodging        | 2 |  2.2
Spellcasting   | 3 |  3.3
Stealth        | 3 |  3.2

Action                     |  1- 3 |  4- 6 || total
---------------------------+-------+-------++-------
  Melee: Whip              |     7 |     7 ||    14
         Punch             |     1 |     1 ||     2
   Cast: Sandblast         |    51 |    60 ||   111
    Use: Potion            |       |     1 ||     1
 Armour: Robe              |     8 |    15 ||    23
  Dodge: Dodged            |    13 |    20 ||    33
